 Dungeon Crawl Stone Soup version 0.30-a0-737-gf23d94013f (webtiles) character file.

Game seed: 2532921300745959884

291 Chromium the Trooper (level 6, -2/58 HPs)
             Began as a Minotaur Berserker on Feb 1, 2023.
             Was a Priest of Trog.
             Slain by a river rat (8 damage)
             ... on level 4 of the Dungeon.
             The game lasted 00:16:04 (2386 turns).

Chromium the Trooper (Minotaur Berserker)           Turns: 2386, Time: 00:16:05

Health: -2/58      AC:  6    Str: 23    XL:     6   Next: 10%
Magic:  5/5        EV:  8    Int: 10    God:    Trog [***...]
Gold:   113        SH:  0    Dex: 10    Spells: 5/5 levels left

rFire   + . .      SeeInvis .    a - +1 falchion (protect)
rCold   + . .      Faith    .    (no shield)
rNeg    . . .      Spirit   .    p - +0 ring mail {rC+}
rPois   .          Reflect  .    (helmet restricted)
rElec   .          Harm     .    (no cloak)
rCorr   .          Rampage  .    (no gloves)
Will    .....                    (no boots)
Stlth   +                        (no amulet)
HPRegen 0.29/turn                o - +6 ring of intelligence
MPRegen 0.09/turn                b - ring of protection from fire

@: constricted, very slow
A: horns 2, retaliatory headbutt
a: Renounce Religion, Berserk, Trog's Hand


You were on level 4 of the Dungeon.
You worshipped Trog.
Trog was most pleased with you.
You visited 1 branch of the dungeon, and saw 4 of its levels.

You collected 113 gold pieces.

Inventory:

Hand Weapons
 a - a +1 falchion of protection (weapon)
Armour
 p - a +0 ring mail of cold resistance (worn)
Jewellery
 b - a ring of protection from fire (right hand)
 o - a +6 ring of intelligence (left hand)
Scrolls
 e - 3 scrolls of teleportation
 g - 2 scrolls of blinking
 l - a scroll of fear
 m - a scroll of enchant armour
Potions
 f - 2 potions of invisibility
 h - 3 potions of flight
 i - 2 potions of might {unknown}
 j - a potion of brilliance {unknown}
 k - a potion of mutation {unknown}
 n - a potion of lignification {unknown}


   Skills:
 + Level 6.3 Fighting
 - Level 3.6 Long Blades
 + Level 5.7 Armour
 - Level 2.1 Dodging
 - Level 0.3 Stealth


You had 5 spell levels left.
You didn't know any spells.
Your spell library was empty.

Dungeon Overview and Level Annotations

Branches:
Dungeon (4/15)
 Temple: D:4-7

Altars:
Okawaru
The Shining One

Shops:
D:3 [*=**

Portals:
Sewer: D:4


Innate Abilities, Weirdness & Mutations

You have a pair of horns on your head.
You reflexively headbutt those who attack you in melee.


Message History

The river rat bites you. x2
The ball python bites you but does no damage.
The ball python constricts you.
The river rat bites you but does no damage. x2
You hit the river rat.
The river rat is severely wounded.
The ball python bites you. The ball python constricts you.
The river rat bites you but does no damage. x2
You hit the river rat but do no damage. Your headbutt misses the river rat.
The river rat is severely wounded.
The ball python bites you but does no damage.
The ball python constricts you. The ball python bites you.
The ball python constricts you. The river rat closely misses you.
The river rat bites you but does no damage.
Your unstable footing causes you to fumble your attack.
The ball python barely misses you. The ball python constricts you.
The river rat bites you.
The river rat bites you but does no damage.
You closely miss the river rat.
The river rat is almost dead.
The ball python bites you but does no damage.
The ball python constricts you.
The river rat bites you but does no damage.
The river rat misses you.
Your unstable footing causes you to fumble your attack.
The ball python bites you but does no damage.
The ball python constricts you. The river rat bites you. x2
The ball python bites you. The ball python constricts you.
Your unstable footing causes you to fumble your attack.
You hear the brisk rusting of a drain.
The river rat bites you! The river rat bites you.
* * * LOW HITPOINT WARNING * * *
The ball python barely misses you. The ball python constricts you.
* * * LOW HITPOINT WARNING * * *
Your unstable footing causes you to fumble your attack.
The ball python closely misses you. The ball python constricts you.
The river rat bites you!
* * * LOW HITPOINT WARNING * * *
The river rat bites you!
You die...

####.........##. ....###
####............. .......
................. ...>...
.......(.#...... .......
.###..........###### .......
..##.##.......#~~~~# .......
..#...........#~~~~# ........
..#..##.......#S∩~~# .........
.##..##.......#~@~~#.. .....#.###
...).##.....#.'rr~~#.............
........###.#.######......#.#....
........# #.#.. .............
........# ####...................
.....###).................##.....
.....'....................##....#
.....#...............#.....###.##
.................................


You could see 2 river rats and a ball python.

Vanquished Creatures
  A phantom (D:4)
  Crazy Yiuf (D:2)
  Jessica (D:2)
  Robin (D:2)
  3 adders
  A river rat (D:4)
  2 worms
  A dart slug (D:1)
  5 orcs (D:4)
  4 endoplasms
  8 giant cockroaches
  18 goblins
  9 hobgoblins
  10 jackals
  8 kobolds
  3 quokkas
  8 ball pythons
  6 bats
  3 frilled lizards
  4 rats
97 creatures vanquished.

Notes
Turn   | Place    | Note
-------+----------+-------------------------------------------
     0 | D:1      | Chromium the Minotaur Berserker began the quest for the
                  | Orb.
     0 | D:1      | Reached XP level 1. HP: 19/19 MP: 0/0
    77 | D:1      | Reached skill level 4 in Fighting
   107 | D:1      | Reached XP level 2. HP: 27/27 MP: 1/1
   358 | D:1      | Reached XP level 3. HP: 33/34 MP: 2/2
   444 | D:1      | Reached ** piety under Trog
   706 | D:2      | Noticed Robin
   723 | D:2      | Killed Robin
   724 | D:2      | Reached skill level 5 in Fighting
   964 | D:2      | Reached XP level 4. HP: 37/42 MP: 3/3
  1204 | D:2      | Noticed Jessica
  1212 | D:2      | Killed Jessica
  1311 | D:2      | Found a runed translucent door.
  1312 | D:2      | Noticed Crazy Yiuf
  1321 | D:2      | Killed Crazy Yiuf
  1322 | D:2      | Reached XP level 5. HP: 17/50 MP: 4/4
  1618 | D:3      | Found Jiekkog's Jewellery Shop.
  1642 | D:3      | Found Puseneh's General Store.
  1644 | D:3      | Found Xitho's Armour Boutique.
  1762 | D:3      | Found an iron altar of Okawaru.
  1767 | D:3      | Found Qoikof's Assorted Antiques.
  1779 | D:3      | Reached *** piety under Trog
  1804 | D:3      | Found Alainine's General Store.
  1973 | D:4      | Reached skill level 5 in Armour
  2039 | D:4      | Found a glowing golden altar of the Shining One.
  2236 | D:4      | Noticed a phantom
  2250 | D:4      | Killed a phantom
  2251 | D:4      | Reached skill level 6 in Fighting
  2251 | D:4      | Reached XP level 6. HP: 47/57 MP: 5/5
  2368 | D:4      | Found a glowing drain.
  2386 | D:4      | Slain by a river rat

Illustrated notes

Levels and vault maps discovered:
D:1:      spicycebolla_arrival_ecumenical, layout_rooms, minmay_tetromino_s2
D:2:      layout_basic, uniq_robin, uniq_crazy_yiuf_cottage, uniq_jessica
D:3:      layout_rooms, okawaru_metal_pillars_3, serial_shops, shop, shop, shop,
          nicolae_shop_window_shopping,
          nicolae_shop_temple_entry_statues_fountains
D:4:      layout_basic, lemuel_coloured_pillars_altar, portal_sewer_entry_c

Skill      XL: |  1  2  3  4  5 |
---------------+----------------+-----
Fighting       | 4 5 6 |  6.3
Armour         | 3 4 5 |  5.7
Long Blades    | |  3.6
Dodging        | |  2.1
Stealth        | |  0.3

Action                     |  1- 3 |  4- 6 || total
---------------------------+-------+-------++-------
  Melee: Falchion          |   106 |   127 ||   233
         Headbutt          |     8 |    22 ||    30
 Invoke: Berserk           |     1 |       ||     1
         Trog's Hand       |     1 |       ||     1
    Use: Scroll            |       |    11 ||    11
 Armour: Ring mail         |    49 |    85 ||   134
  Dodge: Dodged            |    84 |    90 ||   174

Table legend: (Time is in decaauts)
 A = Elapsed time spent in this place.
 B = Non-inter-level travel time spent in this place.
 C = Inter-level travel time spent in this place.
 D = Time resting spent in this place.
 E = Time spent auto-exploring this place.
 F = Levels seen in this place.
 G = Mean time per level.
                   A        B        C        D        E       F      G
               +--------+--------+--------+--------+--------+-----+--------+
         Total |   2430 |   1627 |    803 |      0 |    955 |   4 |  607.5 |
       Dungeon |   2430 |   1627 |    803 |      0 |    955 |   4 |  607.5 |
               +--------+--------+--------+--------+--------+-----+--------+

Top non-repeatable levels by time:
     D:2: 878 daAuts
     D:1: 701 daAuts
     D:4: 456 daAuts
     D:3: 394 daAuts
